 Seeded DCSS version 0.30-a0-726-gd89dcf765f (webtiles) character file.

Game seed: 4129031442797403394 (custom seed)

640 purpskrrrp the Digger (level 7, -4/51 HPs)
             Began as a Gnoll Earth Elementalist on Jan 29, 2023.
             Slain by a gnoll
             ... wielding a +0 halberd
             ... led by a gnoll bouda
              (14 damage)
             ... on level 5 of the Dungeon.
             The game lasted 00:07:09 (4056 turns).

purpskrrrp the Digger (Gnoll Earth Elementalist)    Turns: 4056, Time: 00:07:09

Health: -4/51      AC:  3    Str:  8    XL:     7   Next: 51%
Magic:  15/15      EV: 15    Int: 28    God:
Gold:   267        SH:  0    Dex: 18    Spells: 14/17 levels left

rFire   . . .      SeeInvis +    A - +1 trident "Zuuhaeco" {heavy, *Noise Will+ Int+9 SInv Stlth+}
rCold   + . .      Faith    .    (no shield)
rNeg    . . .      Spirit   .    a - +0 robe
rPois   .          Reflect  .    (no helmet)
rElec   +          Harm     .    p - +0 cloak
rCorr   .          Rampage  .    (no gloves)
Will    +....                    (no boots)
Stlth   +++++                    (no amulet)
HPRegen 0.28/turn                g - +6 ring of dexterity
MPRegen 0.14/turn                f - ring "Beixexto" {rElec rC+ Int+3 Stlth+}

@: no status effects
A: fangs 1, strong nose, distributed training
a: no special abilities


You were on level 5 of the Dungeon.
You visited 1 branch of the dungeon, and saw 5 of its levels.

You collected 267 gold pieces.

Inventory:

Hand Weapons
 c - a +1 dagger of venom
 i - a +1 long sword of protection
 o - a +3 quarterstaff of chaos
 A - the +1 trident "Zuuhaeco" (weapon) {heavy, *Noise Will+ Int+9 SInv Stlth+}
   (You found it on level 4 of the Dungeon)

   Int:       It affects your intelligence (+9).
   SInv:      It lets you see invisible.
   *Noise:    It may make noises in combat.
   Will:      It increases your willpower.
   Stlth:     It makes you more stealthy.
Missiles
 h - 4 javelins
Armour
 a - a +0 robe (worn)
 p - a +0 cloak (worn)
Jewellery
 f - the ring "Beixexto" (right hand) {rElec rC+ Int+3 Stlth+}
   (You acquired it on level 2 of the Dungeon)

   [ring of protection from cold]

   Int:       It affects your intelligence (+3).
   rC:        It protects you from cold.
   rElec:     It insulates you from electricity.
   Stlth:     It makes you more stealthy.
 g - a +6 ring of dexterity (left hand)
 j - a ring of willpower
 m - a ring of see invisible
Wands
 n - a wand of paralysis (3)
 y - a wand of mindburst (21)
Scrolls
 q - a scroll of noise {unknown}
 s - a scroll of identify
 t - a scroll of enchant armour {unknown}
 v - a scroll of magic mapping {unknown}
 z - a scroll of teleportation {unknown}
 B - a scroll of enchant weapon {unknown}
Potions
 b - a potion of magic
 d - 2 potions of invisibility
 e - 2 potions of flight
 l - a potion of brilliance
 r - a potion of haste
 u - a potion of cancellation
 w - a potion of lignification
 x - a potion of resistance {unknown}


   Skills:
 + Level 2.6 Fighting
 + Level 2.6 Short Blades
 + Level 2.6 Long Blades
 + Level 2.6 Axes
 + Level 2.6 Maces & Flails
 + Level 2.6 Polearms
 + Level 2.6 Staves
 + Level 2.6 Ranged Weapons
 + Level 2.6 Throwing
 + Level 2.6 Armour
 + Level 5.3 Dodging
 + Level 5.0 Stealth
 + Level 2.6 Shields
 + Level 2.6 Unarmed Combat
 + Level 5.7 Spellcasting
 + Level 2.1 Conjurations
 + Level 2.1 Hexes
 + Level 2.1 Summonings
 + Level 2.1 Necromancy
 + Level 2.1 Translocations
 + Level 3.1 Transmutations
 + Level 2.1 Fire Magic
 + Level 2.1 Ice Magic
 + Level 2.1 Air Magic
 + Level 5.9 Earth Magic
 + Level 2.1 Poison Magic
 + Level 2.9 Invocations
 + Level 2.6 Evocations


You had 14 spell levels left.
You knew the following spells:

 Your Spells              Type           Power      Damage    Failure   Level
a - Sandblast             Erth           82%        2d17      1%          1
b - Passwall              Tmut/Erth      27%        N/A       1%          2

Your spell library contained the following spells:

 Spells                   Type           Power      Damage    Failure   Level
 Apportation              Tloc           40%        N/A       2%          1
 Freeze                   Ice            80%        1d9       2%          1
 Stone Arrow              Conj/Erth      60%        3d10      3%          3
 Frozen Ramparts          Ice            40%        1d7       8%          3
 Gell's Gravitas          Tloc           20%        N/A       8%          3
 Hailstorm                Conj/Ice       20%        3d6       8%          3
 Teleport Other           Tloc           20%        N/A       8%          3
 Petrify                  Tmut/Erth      33%        N/A       10%         4
 Manifold Assault         Tloc           20%        N/A       26%         4
 Alistair's Intoxication  Tmut/Pois      14%        N/A       52%         5
 Dispersal                Tloc           10%        N/A       98%         6
 Disjunction              Tloc           10%        N/A       100%        8


Dungeon Overview and Level Annotations

Branches:
Dungeon (5/15)
 Temple: D:4-7

Altars:

Shops:
D:2 (


Innate Abilities, Weirdness & Mutations

You have very sharp teeth.
Your uncanny sense of smell can sniff out nearby items.
Your experience applies equally to all skills.


Message History

You start resting.
Your extra speed is starting to run out.
You start resting.
You feel yourself slow down.
You start resting.
HP restored.
You start waiting.
A gnoll bouda comes into view. It is wielding a +0 club.
A gnoll comes into view. It is wielding a +0 whip.
The gnoll shouts!
The gnoll bouda shouts!
You hear a shout! x2
A gnoll comes into view. It is wielding a +0 flail.
A gnoll comes into view. It is wielding a +0 halberd.
You hear a shout!
The blast of sand hits the gnoll bouda!
The gnoll bouda is heavily wounded.
A gnoll comes into view. It is wielding a +0 whip.
The gnoll bouda barks out a call to the hunt!
The gnolls pick up the pace!
You reach to attack!
You puncture the gnoll bouda!
You kill the gnoll bouda!
The gnoll misses you.
You hit the gnoll. Your bite misses the gnoll.
The gnoll is moderately wounded.
The gnoll hits you with a +0 whip.
The gnoll hits you from afar with a +0 halberd.
The gnoll throws a throwing net.
The throwing net closely misses you. The gnoll hits you with a +0 flail.
You closely miss the gnoll.
The gnoll is moderately wounded.
The gnoll completely misses you. The gnoll hits you with a +0 whip.
The gnoll closely misses you. x2; The gnoll hits you with a +0 whip.
You hit the gnoll but do no damage.
The gnoll is moderately wounded.
The gnoll hits you with a +0 flail.
The gnoll hits you from afar with a +0 halberd.
The gnoll hits you with a +0 whip. The gnoll barely misses you.
The gnoll hits you with a +0 flail!
* * * LOW HITPOINT WARNING * * *
The gnoll hits you from afar with a +0 halberd!
You die...

∆ #......'.....# #......#.....#
...#(.....#.....#
#...#......#######
#...#............#
#...#............######
#...#######......#....# #...#
#......#....# #...#
#....g@#....+
'...#.....#....gg#....#
#...#.....#.....g#....#
#...#.....#......#...>##########
#...##....#......'....#........#
#'####....#......#....#........#
#...##....#......#....##.......#
#...##....#......#######.......#
#.........'......'.....#.......#


You could see 4 gnolls.

Vanquished Creatures
  A black bear (D:4)
  A bullfrog (D:4)
  A scorpion (D:5)
  A jelly (D:4)
  Crazy Yiuf (D:3)
  2 hounds (D:4)
  Jessica (D:3)
  A gnoll bouda (D:5)
  Terence (D:2)
  4 gnolls (D:3)
  10 adders
  An ufetubus (D:5)
  A worm (D:3)
  3 dart slugs
  5 orcs (D:3)
  7 endoplasms
  3 giant cockroaches (D:4)
  5 goblins
  12 hobgoblins
  4 jackals (D:2)
  5 quokkas
  2 ball pythons
  10 bats
  A frilled lizard (D:2)
  10 kobolds
  8 rats
101 creatures vanquished.

Notes
Turn   | Place    | Note
-------+----------+-------------------------------------------
     0 | D:1      | purpskrrrp the Gnoll Earth Elementalist began the quest for
                  | the Orb.
     0 | D:1      | Reached XP level 1. HP: 13/13 MP: 6/6
   176 | D:1      | Reached XP level 2. HP: 19/19 MP: 5/7
   843 | D:1      | Reached skill level 5 in Spellcasting
   843 | D:1      | Reached XP level 3. HP: 25/25 MP: 6/9
  1458 | D:2      | Reached skill level 1 in Invocations
  1527 | D:2      | Reached skill level 1 in Fighting
  1527 | D:2      | Reached skill level 1 in Short Blades
  1527 | D:2      | Reached skill level 1 in Long Blades
  1527 | D:2      | Reached skill level 1 in Axes
  1527 | D:2      | Reached skill level 1 in Maces & Flails
  1527 | D:2      | Reached skill level 1 in Polearms
  1527 | D:2      | Reached skill level 1 in Staves
  1527 | D:2      | Reached skill level 1 in Ranged Weapons
  1527 | D:2      | Reached skill level 1 in Throwing
  1527 | D:2      | Reached skill level 1 in Armour
  1527 | D:2      | Reached skill level 1 in Shields
  1527 | D:2      | Reached skill level 1 in Unarmed Combat
  1527 | D:2      | Reached skill level 1 in Evocations
  1617 | D:2      | Reached XP level 4. HP: 31/32 MP: 9/11
  1619 | D:2      | Identified a scroll of acquirement
  1619 | D:2      | Acquired the ring "Beixexto" {rElec rC+ Int+3 Stlth+}
  1659 | D:2      | Learned a level 2 spell: Passwall
  1724 | D:2      | Found Bock's Antique Weapon Shoppe.
  1732 | D:2      | Noticed Terence
  1744 | D:2      | Killed Terence
  1745 | D:2      | Reached skill level 1 in Conjurations
  1745 | D:2      | Reached skill level 1 in Hexes
  1745 | D:2      | Reached skill level 1 in Summonings
  1745 | D:2      | Reached skill level 1 in Necromancy
  1745 | D:2      | Reached skill level 1 in Translocations
  1745 | D:2      | Reached skill level 1 in Fire Magic
  1745 | D:2      | Reached skill level 1 in Ice Magic
  1745 | D:2      | Reached skill level 1 in Air Magic
  1745 | D:2      | Reached skill level 1 in Poison Magic
  2263 | D:3      | Noticed Jessica
  2270 | D:3      | Killed Jessica
  2271 | D:3      | Reached XP level 5. HP: 37/37 MP: 10/12
  2502 | D:3      | Found a runed translucent door.
  2503 | D:3      | Noticed Crazy Yiuf
  2783 | D:3      | Killed Crazy Yiuf
  2784 | D:3      | Reached XP level 6. HP: 44/44 MP: 14/14
  2872 | D:4      | Reached skill level 5 in Dodging
  3067 | D:4      | Identified the +1 trident "Zuuhaeco" {heavy, *Noise Will+
                  | Int+9 SInv Stlth+}
  3324 | D:4      | Noticed a black bear
  3328 | D:4      | Killed a black bear
  3329 | D:4      | Reached XP level 7. HP: 39/51 MP: 11/15
  3650 | D:5      | Entered Level 5 of the Dungeon
  3849 | D:5      | Reached skill level 5 in Stealth
  4056 | D:5      | Slain by a gnoll

Illustrated notes

Levels and vault maps discovered:
D:1:      minmay_arrival_open_corners, layout_basic
D:2:      layout_basic, serial_shops, shop, uniq_terence
D:3:      layout_rooms, uniq_crazy_yiuf_cottage, uniq_jessica
D:4:      minmay_razor_zed, layout_rooms
D:5:      layout_gridville

Skill      XL: |  1  2  3  4  5  6  7 |
---------------+----------------------+-----
Transmutations | 2 3 |  3.1
Spellcasting   | 5 |  5.7
Invocations    | 1 2 |  2.9
Fighting       | 1 2 |  2.6
Short Blades   | 1 2 |  2.6
Long Blades    | 1 2 |  2.6
Axes           | 1 2 |  2.6
Maces & Flails | 1 2 |  2.6
Polearms       | 1 2 |  2.6
Staves         | 1 2 |  2.6
Ranged Weapons | 1 2 |  2.6
Throwing       | 1 2 |  2.6
Armour         | 1 2 |  2.6
Shields        | 1 2 |  2.6
Unarmed Combat | 1 2 |  2.6
Evocations     | 1 2 |  2.6
Conjurations   | 1 2 |  2.1
Hexes          | 1 2 |  2.1
Summonings     | 1 2 |  2.1
Necromancy     | 1 2 |  2.1
Translocations | 1 2 |  2.1
Fire Magic     | 1 2 |  2.1
Ice Magic      | 1 2 |  2.1
Air Magic      | 1 2 |  2.1
Poison Magic   | 1 2 |  2.1
Dodging        | 5 |  5.3
Stealth        | 5 |  5.0
Earth Magic    | |  5.9

Action                     |  1- 3 |  4- 6 |  7- 9 || total
---------------------------+-------+-------+-------++-------
  Melee: Long sword        |     6 |    27 |       ||    33
         Bite              |     1 |     3 |     2 ||     6
         Punch             |       |     1 |       ||     1
         Quarterstaff      |       |     8 |     1 ||     9
         Trident           |       |       |    14 ||    14
   Cast: Sandblast         |    43 |    66 |    13 ||   122
  Evoke: Wand              |       |     1 |     1 ||     2
    Use: Scroll            |     3 |     2 |     5 ||    10
         Potion            |       |       |     2 ||     2
   Stab: Distracted        |       |     1 |       ||     1
 Armour: Robe              |       |     7 |     4 ||    11
  Dodge: Dodged            |     6 |    28 |    20 ||    54

Table legend: (Time is in decaauts)
 A = Elapsed time spent in this place.
 B = Non-inter-level travel time spent in this place.
 C = Inter-level travel time spent in this place.
 D = Time resting spent in this place.
 E = Time spent auto-exploring this place.
 F = Levels seen in this place.
 G = Mean time per level.
                   A        B        C        D        E       F      G
               +--------+--------+--------+--------+--------+-----+--------+
         Total |   4116 |   3835 |    281 |    189 |   3005 |   5 |  823.2 |
       Dungeon |   4116 |   3835 |    281 |    189 |   3005 |   5 |  823.2 |
               +--------+--------+--------+--------+--------+-----+--------+

Top non-repeatable levels by time:
     D:1: 1440 daAuts
     D:3: 859 daAuts
     D:4: 818 daAuts
     D:2: 599 daAuts
     D:5: 398 daAuts
